 Dungeon Crawl Stone Soup version 0.25.1-2-g60ff931 (webtiles) character file.

Game seed: 15962046527236036240

35 Gadfly the Skirmisher (level 3, 8/29 HPs)
             Began as a Demonspawn Abyssal Knight on Aug 11, 2020.
             Was a Follower of Lugonu.
             Quit the game on level 2 of the Dungeon.
             The game lasted 00:01:30 (1439 turns).

Gadfly the Skirmisher (Demonspawn Abyssal Knight)   Turns: 1439, Time: 00:01:30

Health: 8/29       AC:  7    Str: 13    XL:     3   Next: 17%
Magic:  5/5        EV: 11    Int: 13    God:    Lugonu [*.....]
Gold:   83         SH:  0    Dex: 12    Spells: 2/2 levels left

rFire    . . .     SeeInvis .   a - +2 hand axe
rCold    . . .     Gourm    .   (no shield)
rNeg     . . .     Faith    .   b - +0 leather armour
rPois    .         Spirit   .   (no helmet)
rElec    .         Reflect  .   (no cloak)
rCorr    .         Harm     .   (no gloves)
MR       .....                  (no boots)
Stlth    ++........             (no amulet)
HPRegen  0.09/turn              e - +4 ring of protection
MPRegen  0.09/turn              (no ring)

@: quite poisoned (8 -> 4)
A: talons 1, nightstalker 1
a: Depart the Abyss, Renounce Religion


You were on level 2 of the Dungeon.
You worshipped Lugonu.
Lugonu was aware of your devotion.
You were not hungry.

You visited 1 branch of the dungeon, and saw 2 of its levels.
You visited the Abyss 1 time.

You collected 83 gold pieces.

Inventory:

Hand Weapons
 a - a +2 hand axe (weapon)
Armour
 b - a +0 leather armour (worn)
Jewellery
 e - a +4 ring of protection (left hand)
 g - an uncursed ring of stealth {unknown}
Scrolls
 f - a scroll of magic mapping {unknown}
 i - a scroll of teleportation
 j - a scroll of remove curse {unknown}
Potions
 d - 2 potions of degeneration {unknown}
 h - a potion of mutation {unknown}
Comestibles
 c - 2 rations


   Skills:
 + Level 3.3 Fighting
 * Level 2.5 Axes
 + Level 2.1 Armour
 - Level 0.8 Dodging
 + Level 3.0 Invocations


You had 2 spell levels left.
You didn't know any spells.
Your spell library was empty.

Dungeon Overview and Level Annotations

Branches:
Dungeon (2/15)

Altars:
Qazlal


Innate Abilities, Weirdness & Mutations

You have sharp toenails.
You are slightly more attuned to the shadows.


Message History

You feel stronger.
Your demonic ancestry asserts itself...
You slip into the darkness of the dungeon.
You hit the giant cockroach but do no damage.
You feel sick. The giant cockroach barely misses you.
You hit the giant cockroach. Your kick misses the giant cockroach.
The giant cockroach is heavily wounded.
The giant cockroach barely misses you. x2
You closely miss the giant cockroach.
The giant cockroach is heavily wounded.
You feel sick. The giant cockroach closely misses you.
You closely miss the giant cockroach.
The giant cockroach is heavily wounded.
The giant cockroach bites you but does no damage.
The giant cockroach closely misses you.
You hit the giant cockroach.
You kill the giant cockroach!
Lugonu accepts your kill.
You feel sick.
You see here a giant cockroach corpse.
Are you sure you want to abandon this character and quit the game? (Confirm with "yes".)

#........
#.......#
#.......#
#.......#
#.......#
#.......#
#..@....# #
#.......# #
##.......# #
#...##.###
#....# #..รท#
... #....#
#...# .####
#....# #...#
...# #....###
####...##....#
#......#
#.............


There were no monsters in sight!

Vanquished Creatures
  An adder (D:2)
  A dart slug (D:1)
  3 bats
  3 giant cockroaches
  2 goblins
  4 hobgoblins (D:1)
  6 kobolds
  3 rats
23 creatures vanquished.

Notes
Turn   | Place    | Note
-------+----------+-------------------------------------------
     0 | Abyss:1  | Gadfly the Demonspawn Abyssal Knight began the quest for
                  | the Orb.
     0 | Abyss:1  | Reached XP level 1. HP: 18/18 MP: 2/2
    74 | D:1      | Escaped the Abyss
   275 | D:1      | Gained mutation: You have sharp toenails. [demonic
                  | ancestry]
   275 | D:1      | Reached XP level 2. HP: 6/24 MP: 4/4
  1074 | D:2      | Found a stormy altar of Qazlal.
  1433 | D:2      | Gained mutation: You are slightly more attuned to the
                  | shadows. [demonic ancestry]
  1433 | D:2      | Reached XP level 3. HP: 10/29 MP: 5/5
  1439 | D:2      | Quit the game

Illustrated notes

Levels and vault maps discovered:
D:1:      ncdulo_halloftheorcs, layout_loops_ring, serial_glass,
          glass_columns_a, glass_columns_a
D:2:      minmay_general_purpose_star, layout_basic, lemuel_round_altar,
          chequers_ecumenical_altar_simple_redux, grunt_qazlal_clouds,
          uniq_jessica

Skill      XL: |  1  2 |
---------------+-------+-----
Axes           | 2 |  2.5
Armour         | 2 |  2.1
Invocations    | 3 |  3.0
Fighting       | |  3.3
Dodging        | |  0.8

Action                   || total
-------------------------++-------
Melee: Hand axe          ||    89
       Kick              ||     6
  Use: Scroll            ||     2
  Eat: Chunk             ||     2
Armor: Leather armour    ||    43
Dodge: Dodged            ||    49
